 Dungeon Crawl Stone Soup version 0.14-a0-1330-g3eed206 (webtiles) character file.

197 PolkaDot the Skirmisher (level 4, 0/38 HPs)
             Began as a Vampire Death Knight on Dec 6, 2013.
             Was a Believer of Yredelemnul.
             Slain by a kobold (1 damage)
             ... on Level 3 of the Dungeon.
             The game lasted 00:12:59 (4845 turns).

PolkaDot the Skirmisher (Vampire Death Knight)      Turns: 4845, Time: 00:13:00

HP   0/38        AC  3     Str 12      XL: 4   Next: 74%
MP   5/5         EV 10     Int 13      God: Yredelemnul [**....]
Gold 78          SH  0     Dex 14      Spells:  0 memorised,  3 levels left

rFire  . . .     SeeInvis +     h - -2,-3 short sword (curse)
rCold  + + .     Clarity  .     b - +0 leather armour
rNeg   + + +     Conserve .     (no shield)
rPois  +         rCorr    .     (no helmet)
rElec  .         rRot     +     (no cloak)
SustAb . .       Spirit   .     (no gloves)
rMut   .         Warding  +     (no boots)
Saprov . . .     Stasis   .     m - amulet of warding
                                (no ring)
                                (no ring)

@: regenerating slowly, slightly resistant to hostile enchantments, unstealthy
A: fangs 3, see invisible, unbreathing
a: Bat Form, Animate Remains, Recall Undead Slaves, Injury Mirror, Renounce
Religion


You were on level 3 of the Dungeon.
You worshipped Yredelemnul.
Yredelemnul was pleased with you.
You were near bloodless.

You visited 1 branch of the dungeon, and saw 3 of its levels.

You collected 78 gold pieces.

Inventory:

Hand weapons
 a - a +1,+1 short sword
 d - a +3,+2 dagger
 h - a cursed -2,-3 short sword (weapon)
Armour
 b - a +0 leather armour (worn)
Scrolls
 e - 2 scrolls of teleportation
 i - a scroll of curse weapon {unknown}
 j - a scroll of recharging {unknown}
 k - a scroll of noise {unknown}
 l - a scroll of blinking {unknown}
 n - a scroll of immolation {unknown}
Jewellery
 m - an amulet of warding (around neck)
Potions
 g - a potion of brilliance


   Skills:
 * Level 4.5 Fighting
 - Level 2.1 Short Blades
 - Level 0.7 Armour
 - Level 1.1 Dodging
 - Level 2.4 Invocations


You had 3 spell levels left.
You didn't know any spells.

Dungeon Overview and Level Annotations

Branches:
Dungeon (3/16)

Altars:
Nemelex Xobeh


Innate Abilities, Weirdness & Mutations

You heal slowly.
You have razor-sharp teeth.*
You have supernaturally acute eyesight.
You can survive without breathing.*


Message History

You hit the kobold but do no damage.
The kobold is severely wounded.
The kobold hits you.
* * * LOW HITPOINT WARNING * * *
You closely miss the kobold.
The kobold is severely wounded.
The kobold closely misses you.
You closely miss the kobold.
The kobold is heavily wounded.
The kobold misses you.
Drink which item? (? for menu, Esc to quit)
Okay, then.
You closely miss the kobold.
The kobold is heavily wounded.
The kobold misses you.
You closely miss the kobold. Your bite misses the kobold.
The kobold is heavily wounded.
The kobold hits you.
You die...
Yredelemnul claims you as an undead slave.

#........<).#.....#
#.#.#
#...()...<>.#.....#
..
#...........#######
#...........#
#...........#########
#....................
#...........#########
#........K..#
#........@..#
#........(..#
#########(#.#
###(#.#### #..(.....#
#........# #..).....#
#........# #........#


You could see a kobold.

Vanquished Creatures
  4 adders
  2 worms (D:2)
  2 giant geckos
  A giant cockroach (D:2)
  4 goblins
  9 hobgoblins
  2 jackals (D:1)
  2 quokkas (D:2)
  2 ball pythons
  5 bats
  2 giant newts
  2 kobolds
  7 rats
44 creatures vanquished.

Vanquished Creatures (collateral kills)
  A crimson imp (D:2)
  A ball python (D:2)
  A bat (D:2)
  A goblin (D:2)
  A hobgoblin (D:2)
  4 kobolds (D:2)
9 creatures vanquished.

Vanquished Creatures (others)
  3 adder zombies
  A ball python zombie (D:2)
  A giant newt skeleton (D:2)
  A goblin zombie (D:2)
6 creatures vanquished.

Grand Total: 59 creatures vanquished

Notes
Turn   | Place    | Note
--------------------------------------------------------------
     0 | D:1      | PolkaDot, the Vampire Death Knight, began the quest for the Orb.
     0 | D:1      | Reached XP level 1. HP: 16/16 MP: 1/1
    44 | D:1      | Found a sparkling altar of Nemelex Xobeh.
   560 | D:1      | Reached XP level 2. HP: 13/23 MP: 2/2
   968 | D:2      | Reached skill level 3 in Fighting
  1183 | D:2      | Reached XP level 3. HP: 21/29 MP: 4/4
  2776 | D:2      | Acquired Yredelemnul's second power
  2776 | D:2      | Reached XP level 4. HP: 34/37 MP: 5/5
  2822 | D:3      | Reached skill level 4 in Fighting
  3562 | D:2      | HP: 1/37 [giant cockroach (1)]
  4841 | D:3      | HP: 1/38 [kobold (2)]
  4845 | D:3      | Slain by a kobold

Action                   |  1- 3 |  4- 6 || total
-------------------------+-------+-------++-------
Melee: Short sword       |   207 |   150 ||   357
       Dagger            |    12 |       ||    12
Invok: Animate Remains   |     9 |     1 ||    10
  Use: Potion            |     2 |     2 ||     4
       Scroll            |     2 |       ||     2
 Stab: Invisible         |       |     2 ||     2
